Cogmind - Beta 15 @@@ ROGUE MODE // 2025.08.22 @ 18:25:48 Player: supraman Result: Destroyed by Explosive Trap Performance ------------- Evolutions (0) 0 Regions Visited (2) 400 Robots Destroyed (9) 45 Value Destroyed (247) 247 Prototype IDs (2) 40 Alien Tech Used (0) 0 Bonus (0) 0 TOTAL SCORE: 732 Bonus ------- None Cogmind --------- Core Integrity 0/250 Matter 239/300 Energy 78/100 System Corruption 0% Temperature Cool (0) Movement Core (100) Ox1 Location -10/Mines Parts ------- > --- POWER (1) -------- (None) > --- PROPULSION (2) --- Light Treads > --- UTILITY (2) ------ Improved Trap Extractor (0/6) > --- WEAPON (2) ------- Small Laser > --- INVENTORY (5) ---- Light Ion Engine Light Nuclear Core Light Treads Aluminum Leg Small Laser Peak State ------------ > --- POWER ------------ Ion Engine > --- PROPULSION ------- Aluminum Leg Aluminum Leg > --- UTILITY ---------- Small Storage Unit Terrain Scanner > --- WEAPON ----------- Particle Gun Light Assault Rifle > --- INVENTORY -------- Light Ion Engine Light Nuclear Core Light Treads Light Treads Aluminum Leg Small Matter Pod Small Laser Small Laser [Rating: 9] Favorites ----------- Power Ion Engine Engine Ion Engine Propulsion Aluminum Leg Treads Light Treads Leg Aluminum Leg Utility Small Storage Unit Device Terrain Scanner Storage Small Storage Unit Weapon Light Assault Rifle Energy Gun Small Laser Ballistic Gun Light Assault Rifle Build | -11 -10 -10 ------- Run | Yrd Mat Min Slots Evolved . | . . . Power . | . . . Propulsion . | . . . Utility . | . . . Weapon . | . . . Parts Attached 14 | 6 7 1 Power 3 | 1 2 . Engine 3 | 1 2 . Core . | . . . Reactor . | . . . Propulsion 4 | 2 2 . Treads 1 | . 1 . Leg 3 | 2 1 . Wheel . | . . . Hover . | . . . Flight . | . . . Utility 3 | 1 1 1 Device 2 | . 1 1 Storage 1 | 1 . . Processor . | . . . Hackware . | . . . Protection . | . . . Artifact . | . . . Weapon 4 | 2 2 . Energy Gun 3 | 1 2 . Energy Cannon . | . . . Ballistic Gun 1 | 1 . . Ballistic Cannon . | . . . Launcher . | . . . Special Weapon . | . . . Impact Weapon . | . . . Slashing Weapon . | . . . Piercing Weapon . | . . . Special Melee Weapon . | . . . Unidentified Prototypes . | . . . Parts Lost 7 | . 7 . Power 2 | . 2 . Propulsion 2 | . 2 . Utility 1 | . 1 . Weapon 2 | . 2 . Highest Loss Streak 6 | . 6 . To Critical Strikes . | . . . Average Backups 4 | 3 5 5 Power . | . 1 2 Propulsion 2 | 1 2 2 Utility . | . . . Weapon 1 | 1 1 1 Tool/Special . | . . . Unused Backups 3 | . 1 2 Power 1 | . . 1 Propulsion 1 | . . 1 Utility 1 | . 1 . Weapon . | . . . Tool/Special . | . . . Average Slot Usage (%) 95 | . 96 28 Engine 12 | . 13 . Treads 1 | . 1 14 Leg 26 | . 26 . Device 12 | . 13 . Storage 13 | . 13 . Energy Gun 14 | . 14 14 Ballistic Gun 13 | . 13 . Peak Build Rating 9 | 6 9 6 Average Rating 6 | 3 7 2 On Entrance 2 | . 6 2 Naked Turns . | . . . Heaviest Build 15 | 12 15 4 Greatest Support 20 | 20 20 3 Greatest Overweight (x) 1 | 1 . 1 Average Overweight (x) . | . . . Largest Inventory Capacity 8 | 8 8 5 Average Capacity 7 | 6 7 5 Most Carried 8 | 4 8 5 Average Carried 5 | 3 5 5 Final Capacity 8 | 8 5 5 Final Carried 5 | 4 5 5 Class Distribution -------------------- 100% | Mutant Dominant Class ---------------- Mutant | -10/Materials Mutant | -10/Mines Resources | -11 -10 -10 ----------- Run | Yrd Mat Min Matter Collected 364 | 260 104 . Remotely . | . . . Salvage Created 294 | . 294 . Parts 22 | . 22 . Haulers Intercepted . | . . . Recyclers Shooed . | . . . Parts Field Recycled . | . . . Retrieved Matter . | . . . Parts Self-Destructed . | . . . Prevented . | . . . Kills | -11 -10 -10 ------- Run | Yrd Mat Min Combat Hostiles Destroyed 9 | . 9 . Guns 9 | . 9 . Classes Destroyed 2 | . 2 . Swarmer 3 | . 3 . Grunt 6 | . 6 . Best Kill Streak 4 | . 4 . Combat Bots Only 4 | . 4 . Max Kills in Single Turn 1 | . 1 . Gunslinging . | . . . Exploded . | . . . Melee . | . . . Uniques/NPCs Destroyed . | . . . Combat | -11 -10 -10 -------- Run | Yrd Mat Min Hostile Shots Fired 135 | . 135 . Missed 39 | . 39 . Hits 96 | . 96 . Projectile 96 | . 96 . Critical Strikes 3 | . 3 . Damage Taken 1088 | . 1068 20 Core 254 | . 234 20 Absorbed by Shields . | . . . Core Remaining (%) 100 | 100 . . Volleys Fired 45 | . 45 . Largest 2 | . 2 . Hottest 105 | . 105 . Shots Fired 82 | . 82 . Gun 82 | . 82 . Cannon . | . . . Launcher . | . . . Special . | . . . Kinetic 41 | . 41 . Thermal 41 | . 41 . Explosive . | . . . Electromagnetic . | . . . Robot Hit Streak 5 | . 5 . Robot Miss Streak 10 | . 10 . Penetration Max . | . . . Secondary Targets 2 | . 2 . Max Gunslinging Chain 1 | . 1 . Shots Hit Robots 41 | . 41 . Core Hits 20 | . 20 . Critical Kills . | . . . Critical Parts Destroyed . | . . . Critical Strikes . | . . . Melee Attacks . | . . . Impact . | . . . Slashing . | . . . Piercing . | . . . Sneak Attacks . | . . . Combat Hostiles . | . . . Follow-up Attacks . | . . . Damage Inflicted 504 | . 504 . Guns 504 | . 504 . Cannons . | . . . Explosions . | . . . Melee . | . . . Ramming . | . . . Kinetic 191 | . 191 . Thermal 313 | . 313 . Explosive . | . . . Electromagnetic . | . . . Impact . | . . . Slashing . | . . . Piercing . | . . . Highest Corruption . | . . . Average Corruption . | . . . Corruption Purged . | . . . Corruption Blocked . | . . . Overload Shots . | . . . Overflow Damage . | . . . Projectiles . | . . . Explosions . | . . . Melee . | . . . Knockbacks . | . . . Impact . | . . . Kinetic . | . . . Secondary . | . . . Self-Inflicted Damage . | . . . Shots . | . . . Rammed . | . . . Targets Rammed . | . . . Kicked . | . . . Crushed . | . . . Highest Temperature 394 | . 394 . Average Temperature 105 | . 105 . Received Heat Transfer 552 | . 552 . Effects 1 | . 1 . Matter Decay 1 | . 1 . Siege Activations . | . . . Martial Activations . | . . . Shielding Activations . | . . . Robots Disrupted . | . . . Combat Hostiles . | . . . Robots Corrupted . | . . . Combat Hostiles . | . . . Parts Fried . | . . . Impact Corruptions . | . . . Robots Melted . | . . . Combat Hostiles . | . . . Parts Melted 1 | . 1 . Heat Transferred 722 | . 722 . Parts Sabotaged . | . . . Parts Stolen . | . . . Parts Stripped . | . . . Power Chain Reactions . | . . . Alert | -11 -10 -10 ------- Run | Yrd Mat Min Maximum Alert Level . | . . . Low Security (%) 100 | 100 100 100 Level 1 . | . . . Level 2 . | . . . Level 3 . | . . . Level 4 . | . . . Level 5 . | . . . High Security . | . . . Max Security . | . . . Peak Influence 80 | . 80 4 Initial 4 | . . 4 Average 22 | . 26 4 Influence Increases 250 | . 250 . Destroy 0b10 Robot/C 180 | . 180 . Destroy Leader 40 | . 40 . Lose Combat Pursuer 30 | . 30 . Influence Decreases 246 | . 238 8 Entered New Map 8 | . . 8 Time Decay 168 | . 168 . Lost Part 70 | . 70 . Squads Dispatched 2 | . 2 . Investigation 1 | . 1 . Extermination . | . . . Reinforcement 1 | . 1 . Assault . | . . . Garrison . | . . . Intercept . | . . . Searches Triggered . | . . . Construction Impeded . | . . . Haulers Reinforced . | . . . Active Scanning Responses . | . . . Cargo Convoy Interrupts . | . . . Stealth | -11 -10 -10 --------- Run | Yrd Mat Min Distress Signals 2 | . 2 . Communications Jammed . | . . . Distress Signals . | . . . Times Spotted 21 | . 21 . Peak Tracking Total 8 | . 8 . Tactical Retreats 1 | . 1 . Traps | -11 -10 -10 ------- Run | Yrd Mat Min Traps Triggered 2 | . 1 1 Indirectly . | . . . Trap Hack Attempts . | . . . Triggered . | . . . Disarmed . | . . . Reprogrammed . | . . . Reused . | . . . Traps Extracted . | . . . Installed . | . . . Triggered . | . . . Machines | -11 -10 -10 ---------- Run | Yrd Mat Min Machines Disabled . | . . . Max in Single Turn . | . . . Machines Repaired . | . . . Machines Dismantled . | . . . Machines Sabotaged . | . . . Overloaded Fab Kills . | . . . Hacking | -11 -10 -10 --------- Run | Yrd Mat Min Machines Accessed 2 | . 1 1 Terminals 1 | . 1 . Fabricators . | . . . Repair Stations . | . . . Recycling Units . | . . . Scanalyzers . | . . . Garrison Access . | . . . Total Hacks 7 | . 6 1 Successful 6 | . 5 1 Failed 1 | . 1 . Catastrophic . | . . . Database Lockouts . | . . . Manual . | . . . Terminals 6 | . 6 . Fabricators . | . . . Repair Stations . | . . . Recycling Units . | . . . Scanalyzers . | . . . Garrison Access . | . . . Terminal Hacks 6 | . 5 1 Record 3 | . 3 . Prototype ID Bank 1 | . 1 . Open Door 1 | . . 1 Alert Level 1 | . 1 . Fabricator Hacks . | . . . Repair Station Hacks . | . . . Recycling Unit Hacks . | . . . Scanalyzer . | . . . Garrison Access Hacks . | . . . Unauthorized Hacks . | . . . Terminals . | . . . Fabricators . | . . . Repair Stations . | . . . Recycling Units . | . . . Scanalyzers . | . . . Garrison Access . | . . . Data Cores Recovered . | . . . Used . | . . . Hacking Detections 1 | . 1 . Full Trace Events . | . . . Feedback Events . | . . . Feedback Blocked . | . . . Robot Schematics Acquired . | . . . Robots Built . | . . . Authchips . | . . . Time . | . . . Total Robot Build Rating . | . . . Part Schematics Acquired . | . . . Parts Built . | . . . Authchips . | . . . Time . | . . . Total Part Build Rating . | . . . Parts Repaired . | . . . Time . | . . . Parts Recycled . | . . . Recycled Matter . | . . . Retrieved Matter . | . . . Retrieved Components . | . . . Parts Scanalyzed . | . . . Part Schematics Acquired . | . . . Parts Damaged . | . . . Bothacking | -11 -10 -10 ------------ Run | Yrd Mat Min Used RIF Installer . | . . . Robots Hacked . | . . . Non-combat . | . . . Combat . | . . . Robot Hacks Applied . | . . . Relay Couplers Released . | . . . Fabnet Peak Effective % . | . . . Robots Rewired . | . . . Allies Hacked . | . . . Hacks Repelled . | . . . Allies | -11 -10 -10 -------- Run | Yrd Mat Min Total Allies . | . . . Largest Group . | . . . Highest-Rated Group . | . . . Highest-Rated Ally . | . . . Total Orders . | . . . Ally Attacks . | . . . Total Damage . | . . . Kills . | . . . Allies Corrupted . | . . . Allies Melted . | . . . Intel | -11 -10 -10 ------- Run | Yrd Mat Min Active Infowar (turns) 394 | . 394 . Terrain 394 | . 394 . Robot Analysis Total . | . . . Derelict Logs Recovered . | . . . Drone Launches . | . . . Drone Recoveries . | . . . Exploration | -11 -10 -10 ------------- Run | Yrd Mat Min Turns Passed 477 | 60 412 5 Spaces Moved 256 | 42 207 7 Core 33 | 9 17 7 Treads 4 | . 4 . Legs 219 | 33 186 . Wheels . | . . . Hover . | . . . Flight . | . . . Fastest Speed 50 | 50 50 50 Average Speed 113 | 113 115 57 Slowest Speed 160 | 120 160 100 Overloaded Moves . | . . . Propulsion Burnouts . | . . . Robots Hopped . | . . . Potential Cave-ins . | . . . Cave-ins Triggered . | . . . Exploration Rate (%) 16 | 3 41 5 Regions Visited 2 Branch Regions 1 Pre-discovered Areas . | . . . Known Exits Taken . | . . . Unknown Exits Taken 2 | 1 1 . Scrap Searched . | . . . Spaces Dug . | . . . Terrain Destroyed . | . . . Melee . | . . . Projectile . | . . . AOE . | . . . Terrain Rammed . | . . . Walls Destroyed . | . . . Machines Disabled . | . . . Actions | -11 -10 -10 --------- Run | Yrd Mat Min Total 365 | 52 305 8 Wait 44 | . 44 . Move 254 | 41 206 7 Hop . | . . . Pick Up 7 | 5 2 . Fast Attach 7 | 5 1 1 Attach 4 | 1 3 . Detach . | . . . Swap 3 | . 3 . Drop 1 | . 1 . Fire 45 | . 45 . Melee . | . . . Ram . | . . . Kick . | . . . Crush . | . . . Escape Stasis . | . . . Rewire . | . . . Trap . | . . . Miscellaneous . | . . . Route ------- -11/Scrapyard -10/Materials (discovered 2 exits: [*Mat] / *Min) -10/Mines History --------- Turn | Location | Event 11 | -11/Scrapyard | Discovered new exit (range 15) 61 | -11/Scrapyard | Entered Materials 312 | -10/Materials | Build established: Mutant 433 | -10/Materials | Core integrity fell below 50% 433 | -10/Materials | Discovered new exit (range 8) 465 | -10/Materials | Core integrity fell below 20% 466 | -10/Materials | Discovered new exit (range 16) 473 | -10/Materials | Entered Mines 476 | -10/Mines | Met a Derelict who couldn't figure out how to use a Trap Extractor 478 | -10/Mines | Destroyed by Explosive Trap Last Messages --------------- R-06 Scavenger inserts Flight Unit into recycling unit. EXIT=FOUND Terrain Scanner destroyed. R-06 Scavenger inserts Wheel into recycling unit. Recycling unit begins recycling process. R-06 Scavenger inserts Lgt. Ion Engine into recycling unit. LOCATION=UNKNOWN GOAL=ESCAPE Connecting with SHOP.Sys... Current location identified: Mines >>Open Door Sealed Doors opened. YF-TKM(g): "So I found this thing but I have no idea how to use it. And who the hell trapped this place to begin with?!" YF-TKM(g): "I give up! Here you try, I'm outta here before something nasty happens..." Tosses Imp. Trap Extractor to the ground. Acquired Imp. Trap Extractor. Triggered Explosive Trap. An explosion rips through the floor. Map ----- +----------------------------------------------------+ | ?????????????????????????????????????????????????? | | ?????????????????????????????????????????????????? | | ?????????????????????????????????????????????????? | | ?????????????????????????????????????????????????? | | ?????????????????????????????????????????????????? | | ?????????????????????????????????????????????????? | | ?????????????????????????????????????????????????? | | ?????????????????????????????????????????????????? | | ?????????????????????????????????????????????????? | | ?????????????????????????????????????????????????? | | ?????????????????????????????????????????????????? | | ????????????????????????????? ???????????????????? | | ????????????????????????????? #??????????????????? | | ???????????????????????????? ##????????????????? | | ???????????????????????????? #????????????????? | | ???????????????????????????? #????????????????? | | ????????????????????????????? #????????????????? | | ????????????????????????????? #????????????????? | | ????????????????????????????? #????????????????? | | ?????????????????????????????# #????????????????? | | ?????????????????????????????# #????????????????? | | ???????????????????????####### ###??????????????? | | ??????????????????????##""## #??????????????? | | ??????????????????????#"*! # #??#???????????? | | ??????????????????????#"=! g ## #???????????? | | ??????????????????????#"*@ #???????????? | | ??????????????????????#"!==#X ####???????????? | | ??????????????????????##""## #??????????????? | | ???????????????????????##### #??????????????? | | ???????????????????????????########??????????????? | | ?????????????????????????????????????????????????? | | ?????????????????????????????????????????????????? | | ?????????????????????????????????????????????????? | | ?????????????????????????????????????????????????? | | ?????????????????????????????????????????????????? | | | | | | | | | | | | | | | | | | | | | | | | | | | | | | | +----------------------------------------------------+ Best States ------------- Heat Dissipation 25 Energy Generation 10 Energy Capacity 250 Matter Stores 300 Matter Capacity 300 Sight Range 16 Terrain Scan Range 14 Terrain Scan Density 10 Evasion (%) 55 Recoil Reduction 1 Item Schematics ----------------- None Robot Schematics ------------------ None Fabricated ------------ Nothing Repaired ---------- Nothing Alien Tech Used ----------------- None Achievements -------------- None Challenges ------------ None Game ------ Seed RefineryXenonMace Manual? 0 Play Time 00:24:29 Cumulative 26.2 hours Start 2025.08.22 @ 17:54:36 End 2025.08.22 @ 18:25:48 Sessions 1 Manual Loads 0 Difficulty Rogue Special Mode None Game No. 11 Rogue 10 Adventurer 1 Explorer 0 Win Type - Total 0 Types 0/0/0/0/0/0/0/0/0/0 Lore% 9 Gallery% 19 Achievement% 18 Wizard Run 0 Options --------- Layout 0 ASCII 0 Keyboard 0 Movement Mouse Keybinds 0 Fullscreen 1 Font 24/Smallcaps Map View 76x50 Zoom Use 15% Tactical HUD 0 Map Filters NONE Filters NONE Steam 1 RUN: 9e1522f2-f9f6-4773-aff5-efd948c13b3a